 Dungeon Crawl Stone Soup version 0.31-a0-700-gf13585253f (webtiles) character file.

Game seed: 13067052294397430830

441 qw the Shooter (level 7, -1/43 HPs)
             Began as a Gargoyle Hunter on Sept 7, 2023.
             Slain by an orc wizard
             ... wielding a +0 dagger
              (2 damage)
             ... on level 4 of the Dungeon.
             The game lasted 00:01:16 (2980 turns).

qw the Shooter (Gargoyle Hunter)                    Turns: 2980, Time: 00:01:16

Health: -1/43      AC: 13    Str: 15    XL:     7   Next: 2%
Magic:  7/7        EV: 11    Int:  9    God:
Gold:   160        SH:  0    Dex: 15    Spells: 6/6 levels left

rFire   . . .        b - +0 triple crossbow
rCold   . . .        (shield currently unavailable)
rNeg    + . .        d - +0 ring mail
rPois   inf          e - +0 helmet
rElec   +            i - +0 cloak
rCorr   .            a - +0 pair of gloves
SInv    .            (no boots)
Will    .....        (no amulet)
Stlth   +            (no ring)
HPRegen 0.27/turn    (no ring)
MPRegen 0.10/turn

%: no passive effects
@: no status effects
A: sickness immunity, AC +4, negative energy resistance 1, electricity
resistance, torment resistance 1, petrification resistance
a: no special abilities


You were on level 4 of the Dungeon.
You visited 1 branch of the dungeon, and saw 4 of its levels.

You collected 160 gold pieces.


Innate Abilities, Weirdness & Mutations

You are immune to sickness and miasma.
Your stone body is resilient. (AC +4)
You are immune to poison.
You resist negative energy. (rN+)
You are resistant to electric shocks. (rElec)
You are resistant to unholy torment.
You are immune to petrification.


   Skills:
 - Level 4.1 Fighting
 + Level 7.1 Ranged Weapons
 - Level 2.0 Armour
 - Level 1.5 Dodging
 - Level 1.1 Stealth


You had 6 spell levels left.
You didn't know any spells.
Your spell library was empty.

Inventory:

Hand Weapons
 b - a +0 triple crossbow (weapon)
Armour
 a - a +0 pair of gloves (worn)
 d - a +0 ring mail (worn)
 e - a +0 helmet (worn)
 i - a +0 cloak (worn)
 k - a +0 pair of boots
Jewellery
 g - a ring of fire
Scrolls
 m - a scroll of teleportation {unknown}
 n - a scroll of identify
 o - a scroll of silence {unknown}
Potions
 c - 2 potions of resistance
 f - a potion of might {unknown}
 h - 4 potions of curing
 j - a potion of lignification {unknown}
 l - a potion of brilliance {unknown}

Dungeon Overview and Level Annotations

Branches:
Dungeon (4/15)
 Temple: D:4-7

Altars:
Gozag

Shops:
D:3 :

Annotations:
D:3 1 runed translucent door, Crazy Yiuf


Message History

You shoot a bolt.
You hear some strange, mumbled words.
A magic dart appears from out of thin air!
The magic dart hits you but does no damage.
Something hits you but does no damage. x2
You hear some strange, mumbled words.
A magic dart appears from out of thin air!
The magic dart hits you but does no damage.
You shoot a bolt.
Reactivating autopickup.
You feel a bit more experienced. Something hits you.
Deactivating autopickup; reactivate with Ctrl-A.
Something hits you.
You have reached level 7!
You shoot a bolt. Something hits you. Something hits you but does no damage.
You shoot a bolt.
Something hits you but does no damage. x2
You shoot a bolt.
Something hits you but does no damage. x2
You shoot a bolt.
You hear some strange, mumbled words.
A magic dart appears from out of thin air!
The magic dart hits you but does no damage.
Something hits you.
You shoot a bolt. Something hits you. Something hits you but does no damage.
You shoot a bolt.
An orc wizard appears from thin air!
Reactivating autopickup.
The orc wizard misses you.
The orc wizard hits you with a +0 dagger.
You shoot a bolt. The bolt closely misses the orc wizard.
The orc wizard hits you with a +0 dagger.
The orc wizard hits you but does no damage.
You shoot a bolt. The bolt barely misses the orc wizard.
The orc wizard closely misses you.
The orc wizard hits you with a +0 dagger.
You die...

#####.#.######.#
.# #.##### # #.#.#
.........
.##...... # #.#.#
........ $#..####
#####.#.# ......
#..#... ......#.#
...). #..#.##
#######)# #...
#..#..' # #.. #.)
##..#### ###
#o#########......'
#@).........######
############# # #
# #


You could see an orc wizard.

Vanquished Creatures
  An ogre (D:4)
  A scorpion (D:2)
  An orc priest (D:4)
  Ijyb (D:3)
  2 iguanas (D:4)
  An orc wizard (D:4)
  Robin (D:3)
  5 adders
  3 worms (D:2)
  A dart slug (D:1)
  7 orcs
  6 ball pythons
  An endoplasm (D:4)
  3 giant cockroaches
  15 goblins
  14 hobgoblins
  7 jackals
  5 kobolds
  A quokka (D:2)
  7 bats
  7 frilled lizards
  8 rats
98 creatures vanquished.

Notes
Turn   | Place    | Note
-------+----------+-------------------------------------------
     0 | D:1      | qw the Gargoyle Hunter began the quest for the Orb.
     0 | D:1      | Reached XP level 1. HP: 12/12 MP: 1/1
     0 | D:1      | 0 ||| qw: Version: 0.3-a-76-g4403597
     0 | D:1      | 0 ||| qw: Game counter: 627
     0 | D:1      | 0 ||| qw: Melee chars always use a shield: true
     0 | D:1      | 0 ||| qw: God list: Okawaru
     0 | D:1      | 0 ||| qw: Allow faded altars: false
     0 | D:1      | 0 ||| qw: Do Orc after clearing Dungeon:15 true
     0 | D:1      | 0 ||| qw: Do second Lair branch before Depths: true
     0 | D:1      | 0 ||| qw: Lair rune preference: random
     0 | D:1      | 0 ||| qw: Goals: Normal
     0 | D:1      | 0 ||| PLANNING D:1-11
    97 | D:1      | Reached XP level 2. HP: 17/17 MP: 2/2
   363 | D:1      | Reached XP level 3. HP: 21/21 MP: 3/3
   378 | D:1      | Reached skill level 5 in Ranged Weapons
   837 | D:1      | 837 ||| UPGRADING to +0 ring mail.
   847 | D:1      | 847 ||| DROPPING +0 leather armour.
   848 | D:1      | 848 ||| READING scroll labelled NOSTRA LUNIRPH.
   849 | D:1      | 849 ||| READING 3 scrolls labelled ADIOHI NICWOESK.
   850 | D:1      | 850 ||| READING 2 scrolls of enchant weapon.
   850 | D:1      | 850 ||| ENCHANTING +1 shortbow.
   851 | D:1      | 851 ||| READING scroll of enchant weapon.
   851 | D:1      | 851 ||| ENCHANTING +2 shortbow.
   852 | D:1      | 852 ||| READING scroll labelled MOADDE OHIO.
   853 | D:1      | 853 ||| DROPPING scroll of butterflies.
   922 | D:2      | Reached skill level 1 in Armour
   970 | D:2      | Noticed a scorpion
   979 | D:2      | Killed a scorpion
   980 | D:2      | Reached XP level 4. HP: 21/29 MP: 4/4
   989 | D:2      | 989 ||| FLEEEEING.
   990 | D:2      | 990 ||| FLEEEEING.
   991 | D:2      | 991 ||| FLEEEEING.
   992 | D:2      | 992 ||| FLEEEEING.
   995 | D:2      | 995 ||| FLEEEEING.
   996 | D:2      | 996 ||| FLEEEEING.
   997 | D:2      | 997 ||| FLEEEEING.
  1000 | D:2      | 1000 ||| FLEEEEING.
  1001 | D:2      | 1001 ||| FLEEEEING.
  1002 | D:2      | 1002 ||| FLEEEEING.
  1061 | D:2      | 1061 ||| SWAPPING to +0 triple crossbow.
  1062 | D:2      | 1062 ||| DROPPING +3 shortbow.
  1272 | D:2      | Reached XP level 5. HP: 33/33 MP: 5/5
  1561 | D:2      | 1561 ||| UPGRADING to +0 pair of gloves.
  1566 | D:2      | 1566 ||| DRINKING 2 ruby potions.
  1567 | D:2      | 1567 ||| DRINKING 3 fuming ruby potions.
  1604 | D:3      | 1604 ||| STAIRDANCE
  1610 | D:3      | 1610 ||| STAIRDANCE
  1617 | D:3      | Noticed Robin
  1618 | D:3      | 1618 ||| STAIRDANCE
  1632 | D:3      | 1632 ||| STAIRDANCE
  1643 | D:3      | 1643 ||| STAIRDANCE
  1680 | D:3      | 1680 ||| STAIRDANCE
  1695 | D:3      | HP: 7/33 [Robin/+3 club (8)]
  1696 | D:3      | Killed Robin
  1881 | D:3      | Found a runed translucent door.
  1882 | D:3      | Noticed Crazy Yiuf
  1964 | D:3      | Found an opulent altar of Gozag.
  2098 | D:3      | Found Qiurun's Vocational Training.
  2127 | D:3      | Noticed Ijyb
  2128 | D:3      | 2128 ||| Stepping ~*~*~tactically~*~*~ (outnumbered).
  2140 | D:3      | Killed Ijyb
  2141 | D:3      | Reached skill level 6 in Ranged Weapons
  2539 | D:3      | 2539 ||| UPGRADING to +0 helmet.
  2544 | D:3      | 2544 ||| UPGRADING to +0 cloak.
  2619 | D:4      | Reached XP level 6. HP: 38/38 MP: 6/6
  2962 | D:4      | Reached skill level 7 in Ranged Weapons
  2972 | D:4      | HP: 8/38 [something (3)]
  2973 | D:4      | Reached XP level 7. HP: 8/43 MP: 7/7
  2977 | D:4      | HP: 7/43 [something (2)]
  2979 | D:4      | HP: 1/43 [orc wizard/+0 dagger (4)]
  2980 | D:4      | Slain by an orc wizard

Levels and vault maps discovered:
D:1:      minmay_arrival_split_and_join, layout_loops_ring
D:2:      layout_loops_ring
D:3:      layout_loops_ring, grunt_gozag_breadcrumbs,
          minmay_misc_feat_more_columns, hangedman_decor_push,
          nicolae_shop_vocational, uniq_ijyb, uniq_crazy_yiuf_cottage,
          uniq_robin
D:4:      cheibrodos_pilgrimage, layout_basic, kennysheep_generic_room_3,
          uniq_eustachio

Skill      XL: |  1  2  3  4  5  6 |
---------------+-------------------+-----
Ranged Weapons | 5 6 7 |  7.1
Armour         | 1 2 |  2.0
Fighting       | 4 |  4.1
Dodging        | |  1.5
Stealth        | |  1.1

Action                     |  1- 3 |  4- 6 |  7- 9 || total
---------------------------+-------+-------+-------++-------
   Fire: Shortbow          |   153 |     1 |       ||   154
         Triple crossbow   |       |   145 |     8 ||   153
    Use: Scroll            |     5 |       |       ||     5
         Potion            |       |     2 |       ||     2
 Armour: Leather armour    |    51 |       |       ||    51
         Ring mail         |     8 |   143 |    14 ||   165
  Dodge: Dodged            |    51 |    93 |     2 ||   146

Table legend:
 A = Non-vault XP
 B = Vault XP
 C = Vault XP percentage of total XP
 D = Non-vault monster count
 E = Vault monster count
 F = Vault count percentage of total count
                 A         B        C        D         E       F
            +---------+---------+-------+---------+---------+-------
      Total |     470 |     161 |  25.5 |      79 |      19 |  19.4
            +---------+---------+-------+---------+---------+-------
        D:1 |      50 |       0 |   0.0 |      31 |       0 |   0.0
        D:2 |     159 |      20 |  11.2 |      22 |      11 |  33.3
        D:3 |      33 |      53 |  61.6 |      18 |       2 |  10.0
        D:4 |     228 |      88 |  27.8 |       8 |       6 |  42.9
            +---------+---------+-------+---------+---------+-------
